 Dungeon Crawl Stone Soup version 0.21.1-1-g345015fe64 (webtiles) character file.

30433 Naru the Severer (level 13, -5/118 HPs)
             Began as a Minotaur Berserker on June 14, 2018.
             Was a High Priest of Trog.
             Slain by an entropy weaver (9 damage)
             ... on level 6 of the Lair of Beasts.
             The game lasted 00:40:23 (15285 turns).

Naru the Severer (Minotaur Berserker)              Turns: 15285, Time: 00:40:24

Health: -5/118     AC:  8    Str: 22    XL:     13   Next: 20%
Magic:  12/12      EV: 12    Int:  4    God:    Trog [*****.]
Gold:   991        SH:  0    Dex: 15    Spells: 12/12 levels left

rFire    . . .     SeeInvis .   L - +6 executioner's axe (vamp)
rCold    + . .     Gourm    .   (shield currently unavailable)
rNeg     . . .     Faith    +   t - +0 plate armour
rPois    .         Spirit   .   (helmet restricted)
rElec    .         Reflect  .   K - scarf {repulsion}
rCorr    .         Harm     .   (no gloves)
MR       .....                  n - +2 pair of boots
Stlth    ..........             i - amulet of faith
HPRegen  0.29/turn              q - +5 ring of protection
MPRegen  0.13/turn              J - ring of protection from cold

@: about to teleport, corroded, berserk cooldown, slowed, repel missiles, very
slow
A: retaliatory headbutt, horns 2
a: Berserk, Trog's Hand, Brothers in Arms, Burn Spellbooks, Renounce Religion


You were on level 6 of the Lair of Beasts.
You worshipped Trog.
Trog was extremely pleased with you.
You were very hungry.

You visited 2 branches of the dungeon, and saw 16 of its levels.

You collected 991 gold pieces.

Inventory:

Hand Weapons
 L - a +6 vampiric executioner's axe (weapon)
 N - a +5 antimagic battleaxe
Missiles
 b - 13 tomahawks (quivered)
Armour
 n - a +2 pair of boots (worn)
 t - a +0 plate armour (worn)
 v - the +0 scale mail of Trumpets {Str+6 Dex-2}
   (You found it on level 6 of the Dungeon)

   It affects your strength (+6).
   It affects your dexterity (-2).
 K - a scarf of repulsion (worn)
 V - a +0 shield of reflection
Jewellery
 i - an amulet of faith (around neck)
 q - a +5 ring of protection (left hand)
 y - a +5 ring of intelligence
 B - an uncursed amulet of regeneration {unknown}
 G - an uncursed ring of positive energy
 H - an uncursed amulet of guardian spirit {unknown}
 J - a ring of protection from cold (right hand)
 P - the ring "Wuxy" {rPois rN+ Str-4 Int+8 Dex-5}
   (You found it on level 2 of the Lair of Beasts)

   [ring of positive energy]

   It affects your strength (-4).
   It affects your intelligence (+8).
   It affects your dexterity (-5).
   It protects you from poison.
   It protects you from negative energy.
 R - an uncursed ring of ice
Wands
 k - a wand of paralysis (6)
 o - a wand of digging (28)
 D - a wand of acid (11)
 F - a wand of enslavement (11)
 Q - a wand of iceblast (9)
Scrolls
 a - 2 scrolls of fog
 g - 3 scrolls of amnesia
 j - 7 scrolls of remove curse
 u - 8 scrolls of magic mapping
 x - a scroll of teleportation
 z - 3 scrolls of identify
 I - a scroll of summoning
Potions
 e - 2 potions of mutation
 f - 3 potions of flight
 h - 9 potions of curing
 l - a potion of degeneration {unknown}
 m - 3 potions of heal wounds
 p - 2 potions of agility
 r - a potion of ambrosia {unknown}
 s - 2 potions of lignification {unknown}
 w - a potion of brilliance {unknown}
 T - a potion of haste
 U - a potion of resistance {unknown}
Books
 A - a book of Changes

   Spells                             Type                      Level
   a - Beastly Appendage              Transmutation                1
   b - Sticks to Snakes               Transmutation                2
   c - Spider Form                    Transmutation/Poison         3
   d - Ice Form                       Ice/Transmutation            4
   e - Blade Hands                    Transmutation                5
   Trog disapproves of the use of such an item.
 E - a book of Battle

   Spells                             Type                      Level
   a - Infusion                       Charms                       1
   b - Shroud of Golubria             Charms/Translocation         2
   c - Song of Slaying                Charms                       2
   d - Spectral Weapon                Hexes/Charms                 3
   e - Regeneration                   Charms/Necromancy            3
   Trog disapproves of the use of such an item.
 M - a book of Maledictions

   Spells                             Type                      Level
   a - Corona                         Hexes                        1
   b - Ensorcelled Hibernation        Hexes/Ice                    2
   c - Confuse                        Hexes                        3
   d - Tukima's Dance                 Hexes                        3
   e - Dazzling Spray                 Conjuration/Hexes            3
   Trog disapproves of the use of such an item.
Miscellaneous
 C - a sack of spiders
Comestibles
 c - 7 rations
 d - 14 chunks of flesh


   Skills:
 * Level 12.3 Fighting
 * Level 17.5 Axes
 * Level 12.8 Armour
 * Level 8.8 Dodging
 + Level 0.4 Evocations


You had 12 spell levels left.
You didn't know any spells.

Dungeon Overview and Level Annotations

Branches:
Dungeon (10/15)            Temple (0/1) D:4            Lair (6/6) D:10
 Shoals (0/4) Lair:3       Spider (0/4) Lair:3        Slime (0/5) Lair:6
    Orc: D:9-12

Altars:
Ashenzari
Makhleb
Nemelex Xobeh
Qazlal
Trog
Zin
The Shining One
Jiyva

Shops:
D:5 :   D:10 %


Innate Abilities, Weirdness & Mutations

You reflexively headbutt those who attack you in melee.
You have a pair of horns on your head.


Message History

As you read the scroll of teleportation, it crumbles to dust.
You feel strangely unstable. The entropy weaver misses you.
You furiously retaliate!
You headbutt the entropy weaver, but do no damage.
The entropy weaver barely misses you. The entropy weaver hits you!
* * * LOW HITPOINT WARNING * * *
The entropy weaver closely misses you.
The entropy weaver hits you but does no damage.
The entropy weaver hits you.
* * * LOW HITPOINT WARNING * * *
The entropy weaver hits you but does no damage. x2
The soldier ant stings you but does no damage.
The entropy weaver hits you.
* * * LOW HITPOINT WARNING * * *
The entropy weaver misses you.
The entropy weaver hits you but does no damage.
The entropy weaver barely misses you. The entropy weaver hits you!
* * * LOW HITPOINT WARNING * * *
The entropy weaver hits you!
You die...

P..........................P..##P
..............................###
..........................PP###
............................#
...........................##
............................
#....PPP......P†††...........
#.#...P#..##.P#a†....P..
...#..##########@a'##.P# P..####
#aa.# # #.##P### aa#..# #.P...P##
aa###... #........ ..a ...$#
.....#..# #... ...## P.#### ##
..#. #..# ..P##### ..### #..
#..#...##


You could see a queen ant, 2 entropy weavers, 4 soldier ants and 2 worker ants.

Vanquished Creatures
  The ghost of raetorn the Thaumaturge, a journeyman GnSk of Okawaru (Lair:1)
  Harold (Lair:3)
  Fannar (Lair:3)
  5 hydras
  A two-headed ogre (D:10)
  Nergalle (Lair:3)
  The ghost of Sapher the Reanimator, a novice GnNe of Cheibriados (Lair:1)
  The ghost of Greboboi the Ruffian, a novice TrFi of Makhleb (D:8)
  A deep elf mage (D:10)
  3 elephants (Lair:4)
  2 black mambas (Lair:5)
  3 spiny frogs
  3 rime drakes
  A freezing wraith (D:9)
  A troll (D:9)
  4 komodo dragons
  The ghost of Mesmodan the Chopper, an amateur MiFi (D:3)
  3 polar bears (Lair:6)
  2 hornets (Lair:6)
  9 blink frogs
  Prince Ribbit (D:9)
  4 hippogriffs
  A dream sheep (Lair:6)
  Sigmund (D:4)
  A redback (Lair:3)
  2 spriggans (Lair:6)
  Eustachio (D:6)
  19 yaks
  A human (D:10)
  A basilisk (Lair:1)
  Edmund (D:4)
  A hungry ghost (D:8)
  5 soldier ants (Lair:6)
  14 water moccasins
  2 orc warriors
  14 porcupines
  A black bear (Lair:1)
  2 ice beasts
  A sky beast (D:7)
  A hornet zombie (D:8)
  3 ogres
  2 boggarts (Lair:6)
  5 centaurs
  10 wolves (Lair:6)
  8 crocodiles
  A big kobold (D:10)
  15 bullfrogs
  8 wights
  6 killer bees (D:7)
  An electric eel (Lair:2)
  2 howler monkeys
  A centaur zombie (D:6)
  5 crimson imps
  2 bullfrog zombies
  5 hounds
  A gnoll shaman (D:4)
  7 orc wizards
  6 orc priests
  3 bullfrog skeletons
  Terence (D:3)
  An iguana (D:6)
  9 worker ants
  2 hound skeletons
  A howler monkey skeleton (D:6)
  7 adders
  7 gnolls
  3 shadow imps
  An ooze (D:1)
  An adder skeleton (D:4)
  2 worms (D:2)
  3 dart slugs
  3 leopard geckos
  36 orcs
  A ball python (D:1)
  6 bats
  6 giant cockroaches
  6 hobgoblins
  16 kobolds
  4 quokkas
  8 frilled lizards
  9 goblins
  A jackal skeleton (D:8)
  A quokka skeleton (D:5)
  2 quokka zombies
  11 rats
  5 fungi
  18 plants
381 creatures vanquished.

Vanquished Creatures (others)
  A fungus (Lair:6)
1 creature vanquished.

Grand Total: 382 creatures vanquished

Notes
Turn   | Place    | Note
-------+----------+-------------------------------------------
     0 | D:1      | Naru the Minotaur Berserker began the quest for the Orb.
     0 | D:1      | Reached XP level 1. HP: 19/19 MP: 0/0
   257 | D:1      | Reached XP level 2. HP: 26/27 MP: 1/1
   293 | D:1      | Reached skill level 4 in Axes
   446 | D:1      | Reached XP level 3. HP: 33/33 MP: 2/2
   876 | D:2      | Reached ** piety under Trog
  1397 | D:3      | Noticed Mesmodan's ghost (amateur MiFi)
  1414 | D:3      | Killed Mesmodan's ghost
  1414 | D:3      | Reached skill level 5 in Fighting
  1414 | D:3      | Reached skill level 6 in Axes
  1414 | D:3      | Reached XP level 4. HP: 37/42 MP: 3/3
  1414 | D:3      | Reached XP level 5. HP: 42/48 MP: 4/4
  1414 | D:3      | Reached XP level 6. HP: 49/56 MP: 5/5
  2004 | D:3      | Found a stormy altar of Qazlal.
  2033 | D:3      | Noticed Terence
  2044 | D:3      | Killed Terence
  2248 | D:4      | Noticed Edmund
  2266 | D:4      | Killed Edmund
  2266 | D:4      | Reached skill level 7 in Axes
  2266 | D:4      | Reached XP level 7. HP: 62/62 MP: 6/6
  2282 | D:4      | Noticed Sigmund
  2307 | D:4      | Killed Sigmund
  2558 | D:4      | Found a staircase to the Ecumenical Temple.
  2748 | D:4      | Reached skill level 8 in Axes
  3169 | D:4      | Reached skill level 5 in Armour
  3172 | D:4      | Reached *** piety under Trog
  3258 | D:4      | Found a glowing golden altar of the Shining One.
  3365 | D:5      | Entered Level 5 of the Dungeon
  3513 | D:5      | Found Leav's Book Shoppe.
  3556 | D:5      | Found a glowing silver altar of Zin.
  3595 | D:5      | Reached XP level 8. HP: 45/70 MP: 7/7
  3858 | D:5      | Found a burning altar of Makhleb.
  4464 | D:6      | Reached skill level 9 in Axes
  4538 | D:6      | Got a transparent scale mail
  4549 | D:6      | Identified the +0 scale mail of Trumpets {Str+6 Dex-2} (You found it on level 6 of the Dungeon)
  4783 | D:6      | Noticed Eustachio
  4796 | D:6      | Killed Eustachio
  5083 | D:6      | Found a shattered altar of Ashenzari.
  5298 | D:7      | Reached skill level 10 in Axes
  5321 | D:7      | Reached XP level 9. HP: 76/79 MP: 8/8
  5426 | D:7      | Reached **** piety under Trog
  5631 | D:7      | Reached skill level 5 in Dodging
  6387 | D:8      | Reached skill level 11 in Axes
  6579 | D:8      | Reached ***** piety under Trog
  6592 | D:8      | Noticed Greboboi's ghost (novice TrFi)
  6600 | D:8      | Killed Greboboi's ghost
  6977 | D:8      | Reached XP level 10. HP: 86/88 MP: 9/9
  7586 | D:9      | Found a sparkling altar of Nemelex Xobeh.
  7586 | D:9      | Found a bloodstained altar of Trog.
  7586 | D:9      | Noticed Prince Ribbit
  7604 | D:9      | Killed Prince Ribbit
  7604 | D:9      | Reached skill level 12 in Axes
  7668 | D:9      | Reached skill level 10 in Armour
  8217 | D:10     | Entered Level 10 of the Dungeon
  8409 | D:10     | Noticed a two-headed ogre
  8419 | D:10     | Killed a two-headed ogre
  8422 | D:10     | Reached skill level 13 in Axes
  8430 | D:10     | Noticed a deep elf mage
  8445 | D:10     | Killed a deep elf mage
  8445 | D:10     | Received a gift from Trog
  8660 | D:10     | Found Hyohotyurph's Food Shoppe.
  8839 | D:10     | Found a staircase to the Lair.
  8886 | Lair:1   | Entered Level 1 of the Lair of Beasts
  8900 | Lair:1   | Noticed raetorn's ghost (journeyman GnSk)
  8908 | Lair:1   | Reached XP level 11. HP: 99/99 MP: 10/10
  8922 | Lair:1   | Killed raetorn's ghost
  9173 | Lair:1   | Noticed Sapher's ghost (novice GnNe)
  9183 | Lair:1   | Killed Sapher's ghost
  9183 | Lair:1   | Reached skill level 14 in Axes
  9481 | Lair:1   | Reached skill level 10 in Fighting
 10561 | Lair:2   | Got a crude brass ring
 11061 | Lair:3   | Noticed Nergalle
 11074 | Lair:3   | Killed Nergalle
 11271 | Lair:3   | Noticed Fannar
 11287 | Lair:3   | Killed Fannar
 11434 | Lair:3   | Reached skill level 15 in Axes
 11611 | Lair:3   | Noticed Harold
 11627 | Lair:3   | Killed Harold
 12061 | Lair:3   | Found a hole to the Spider Nest.
 12086 | Lair:3   | Reached XP level 12. HP: 108/108 MP: 11/11
 12194 | Lair:3   | Found a staircase to the Shoals.
 12816 | Lair:3   | Identified the ring "Wuxy" {rPois rN+ Str-4 Int+8 Dex-5} (You found it on level 2 of the Lair of Beasts)
 13011 | Lair:4   | Reached skill level 16 in Axes
 13093 | Lair:4   | Received a gift from Trog
 13119 | Lair:4   | Noticed a four-headed hydra
 13127 | Lair:4   | Killed a seven-headed hydra
 13344 | Lair:4   | Noticed a seven-headed hydra
 13348 | Lair:4   | Killed a nine-headed hydra
 13695 | Lair:5   | Found a dark tunnel.
 13715 | Lair:5   | Noticed a six-headed hydra
 13727 | Lair:5   | Killed an 11-headed hydra
 14238 | Lair:5   | Noticed a four-headed hydra
 14245 | Lair:5   | Killed a seven-headed hydra
 14611 | Lair:5   | Reached skill level 17 in Axes
 14625 | Lair:6   | Entered Level 6 of the Lair of Beasts
 14652 | Lair:6   | Noticed a seven-headed hydra
 14663 | Lair:6   | Killed a ten-headed hydra
 15061 | Lair:6   | Found a staircase to the Slime Pits.
 15061 | Lair:6   | Found a viscous altar of Jiyva.
 15081 | Lair:6   | Reached XP level 13. HP: 115/118 MP: 12/12
 15262 | Lair:6   | Received a gift from Trog
 15276 | Lair:6   | Noticed an entropy weaver
 15276 | Lair:6   | Noticed an entropy weaver
 15285 | Lair:6   | HP: 4/118 [entropy weaver (12)]
 15285 | Lair:6   | Slain by an entropy weaver

Skill      XL: |  1  2  3  4  5  6  7  8  9 10 11 12 |
---------------+-------------------------------------+-----
Fighting       | 4 5 6 7 8 9 10 12 | 12.3
Axes           | 4 6 7 8 10 11 13 15 17 | 17.5
Armour         | 3 4 5 7 9 10 11 12 | 12.8
Dodging        | 3 4 5 6 7 8 |  8.8
Evocations     | |  0.4

Action                   |  1- 3 |  4- 6 |  7- 9 | 10-12 | 13-15 || total
-------------------------+-------+-------+-------+-------+-------++-------
Melee: Hand axe          |    86 |    63 |   260 |    36 |       ||   445
       Headbutt          |    17 |    14 |    59 |   127 |    12 ||   229
       Battleaxe         |       |       |       |    93 |       ||    93
       Executioner's axe |       |       |       |   327 |    56 ||   383
Invok: Berserk           |     1 |     4 |     3 |     9 |     2 ||    19
       Trog's Hand       |       |     4 |     3 |     8 |     1 ||    16
       Burn Spellbooks   |       |       |       |     3 |       ||     3
Evoke: Wand              |       |       |       |    11 |       ||    11
       Sack of spiders   |       |       |       |     1 |       ||     1
  Use: Scroll            |       |       |    13 |    13 |     1 ||    27
       Potion            |       |       |       |     2 |       ||     2
 Stab: Paralysed         |       |       |       |    10 |       ||    10
  Eat: Chunk             |     1 |     5 |     3 |     7 |     3 ||    19
       Ration            |     1 |       |     5 |    13 |       ||    19
Armor: Animal skin       |     3 |       |       |       |       ||     3
       Ring mail         |    25 |    18 |     7 |       |       ||    50
       Scale mail        |       |       |    99 |   136 |       ||   235
       Plate armour      |       |       |       |   134 |    69 ||   203
Dodge: Dodged            |    44 |    50 |   158 |   312 |    76 ||   640
       Deflected         |       |       |       |     2 |       ||     2
